 Dungeon Crawl Stone Soup version 0.23.1-37-gaa34b87 (webtiles) character file.

Game seed: 8044050239535628029

115 Borgoz the Skirmisher (level 5, -3/46 HPs)
             Began as a Ghoul Monk on Mar 22, 2019.
             Slain by an orc
             ... wielding a +0 hand axe
              (4 damage)
             ... on level 3 of the Dungeon.
             The game lasted 00:02:37 (1574 turns).

Borgoz the Skirmisher (Ghoul Monk)                  Turns: 1574, Time: 00:02:37

Health: -3/46      AC:  6    Str: 15    XL:     5   Next: 0%
Magic:  4/4        EV: 10    Int:  5    God:
Gold:   194        SH:  0    Dex: 12    Spells: 4/4 levels left

rFire    . . .     SeeInvis .     - Unarmed
rCold    + . .     Gourm    .   (no shield)
rNeg     + + +     Faith    .   n - +0 scale mail
rPois    ∞         Spirit   .   (no helmet)
rElec    .         Reflect  .   (no cloak)
rCorr    .         Harm     .   (no gloves)
MR       .....                  (no boots)
Stlth    +.........             (no amulet)
HPRegen  0.00/turn              (no ring)
MPRegen  0.09/turn              (no ring)

@: rotting
A: rotting body, claws 1, carnivore, cold resistance 1, negative energy
resistance 3, inhibited regeneration, torment resistance, unbreathing
a: no special abilities


You were on level 3 of the Dungeon.
You were not hungry.

You visited 1 branch of the dungeon, and saw 3 of its levels.

You collected 194 gold pieces.

Inventory:

Hand Weapons
 h - a cursed +0 short sword
Missiles
 a - 2 javelins (quivered)
Armour
 n - a +0 scale mail (worn)
Scrolls
 g - 3 scrolls of identify {unknown}
 i - 2 scrolls of remove curse {unknown}
 j - a scroll of enchant armour {unknown}
 k - 2 scrolls of teleportation {unknown}
Potions
 c - 2 potions of curing {unknown}
 e - a potion of degeneration {unknown}
 l - a potion of flight {unknown}
 m - a potion of agility {unknown}
Comestibles
 b - 2 rations
 d - a chunk of flesh


   Skills:
 + Level 3.9 Fighting
 * Level 1.3 Short Blades
 * Level 2.1 Armour
 * Level 3.5 Dodging
 - Level 2.1 Stealth
 - Level 3.2 Unarmed Combat


You had 4 spell levels left.
You didn't know any spells.
Your spell library was empty.

Dungeon Overview and Level Annotations

Branches:
Dungeon (3/15)

Altars:

Annotations:
D:3 Natasha


Innate Abilities, Weirdness & Mutations

Your body is rotting away.
You thrive on raw meat.
You are immune to poison.
You have sharp fingernails.
You are carnivorous and can eat meat at any time.
Your flesh is cold resistant. (rC+)
You are immune to negative energy. (rN+++)
You do not regenerate when monsters are visible.
You are immune to unholy pain and torment.
You can survive without breathing.


Message History

An orc comes into view. It is wielding a +0 dagger.
You are too injured to fight recklessly!
You are too injured to fight recklessly!
The orc shouts! x2
You scratch Natasha.
Natasha is heavily wounded.
The orc barely misses you. Natasha claws you.
You barely miss Natasha.
Natasha is heavily wounded.
The orc hits you but does no damage. Natasha claws you.
* * * LOW HITPOINT WARNING * * *
Eat one of 2 chunks of flesh? (ye/n/q)
You eat one of the 2 chunks of flesh.
This raw flesh tastes great!
The orc priest closely misses you. The orc hits you with a +0 hand axe.
* * * LOW HITPOINT WARNING * * *
Natasha claws you!
* * * LOW HITPOINT WARNING * * *
An adder comes into view.
The orc hits you with a +0 hand axe.
You die...

<. #### [.. ##... ....
#### ##..###... ## .....
###..##...####.##
......#.......###.....#
.......).....###......#
.............##.=.....#
......##...#...@oh....#
...........#.##.o......#
......##.(.<.###o.......
..... ##.#...##.....##.
##.. #.#.#...oo..... #..
#.#...........$.
..........)[....
#.#.#......S....
..#.###....


You could see an orc priest, Natasha, an adder and 4 orcs.

Vanquished Creatures
  5 gnolls
  An adder (D:2)
  An adder skeleton (D:2)
  A worm (D:2)
  2 dart slugs
  A leopard gecko (D:1)
  4 giant cockroaches
  5 goblins
  3 hobgoblins
  4 jackals (D:1)
  6 kobolds
  9 bats
  2 frilled lizards (D:1)
  5 rats
49 creatures vanquished.

Notes
Turn   | Place    | Note
-------+----------+-------------------------------------------
     0 | D:1      | Borgoz the Ghoul Monk began the quest for the Orb.
     0 | D:1      | Reached XP level 1. HP: 19/19 MP: 0/0
    26 | D:1      | Reached XP level 2. HP: 10/26 MP: 1/1
    65 | D:1      | Reached skill level 1 in Armour
   203 | D:1      | Reached XP level 3. HP: 24/31 MP: 2/2
   602 | D:2      | Reached XP level 4. HP: 40/40 MP: 3/3
   864 | D:2      | Reached skill level 1 in Short Blades
  1550 | D:3      | Reached XP level 5. HP: 45/45 MP: 4/4
  1560 | D:3      | Noticed Natasha
  1573 | D:3      | HP: 1/46 [Natasha (8)]
  1574 | D:3      | Slain by an orc

Skill      XL: |  1  2  3  4 |
---------------+-------------+-----
Dodging        | 3 |  3.5
Armour         | 1 2 |  2.1
Short Blades   | 1 |  1.3
Fighting       | |  3.9
Stealth        | |  2.1
Unarmed Combat | |  3.2

Action                   |  1- 3 |  4- 6 || total
-------------------------+-------+-------++-------
Melee: Unarmed           |   107 |    77 ||   184
       Punch             |     1 |       ||     1
 Stab: Sleeping          |     4 |       ||     4
  Eat: Chunk             |     9 |     5 ||    14
Armor: Ring mail         |    32 |    15 ||    47
       Scale mail        |       |     5 ||     5
Dodge: Dodged            |    63 |    43 ||   106
